 Dungeon Crawl Stone Soup version 0.29.0-4-gdea44cf6ec (webtiles) character file.

Game seed: 9431228193065284136

317 qw the Chopper (level 6, -2/35 HPs)
             Began as a Tengu Warper on Aug 28, 2022.
             Slain by a wight
             ... wielding a +4 long sword
              (5 damage)
             ... on level 7 of the Dungeon.
             The game lasted 00:00:22 (4046 turns).

qw the Chopper (Tengu Warper)                       Turns: 4046, Time: 00:00:22

Health: -2/35      AC: 10    Str: 20    XL:     6   Next: 44%
Magic:  10/10      EV:  9    Int: 13    God:
Gold:   212        SH:  9    Dex: 13    Spells: 9/9 levels left

rFire   . . .      SeeInvis +   Y - +0 war axe
rCold   . . .      Faith    .   l - +0 buckler
rNeg    . . .      Spirit   .   m - +0 chain mail
rPois   .          Reflect  +   (helmet restricted)
rElec   .          Harm     .   d - +1 cloak
rCorr   .          Rampage  .   (no gloves)
Will    .....                   (boots unavailable)
Stlth   ..........              i - amulet of reflection
HPRegen 0.11/turn               j - +6 ring of strength
MPRegen 0.12/turn               g - ring of see invisible

@: flying quickly and evasively, quick
A: beak, talons 3, nimble flight
a: no special abilities


You were on level 7 of the Dungeon.
You visited 1 branch of the dungeon, and saw 5 of its levels.

You collected 212 gold pieces.


Innate Abilities, Weirdness & Mutations

You have a beak for a mouth.
You have claws for feet.
Your magical nature lets you fly swiftly and evasively.


   Skills:
 - Level 2.0 Fighting
 + Level 6.8 Axes
 - Level 1.0 Throwing
 - Level 2.0 Armour
 - Level 2.1 Dodging
 - Level 1.0 Shields
 - Level 2.0 Spellcasting
 - Level 2.4 Translocations


You had 9 spell levels left.
You didn't know any spells.
Your spell library contained the following spells:

 Spells                   Type           Power      Damage    Failure   Level
 Blink                    Tloc           14%        N/A       91%         2
 Gell's Gravitas          Tloc           7%         N/A       99%         3
 Lesser Beckoning         Tloc           7%         N/A       99%         3
 Teleport Other           Tloc           7%         N/A       99%         3
 Manifold Assault         Tloc           7%         N/A       100%        5

Inventory:

Hand Weapons
 a - a +2 whip of electrocution
 Y - a +0 war axe (weapon)
Armour
 d - a +1 cloak (worn)
 l - a +0 buckler (worn)
 m - a +0 chain mail (worn)
Jewellery
 g - a ring of see invisible (right hand)
 i - an amulet of reflection (around neck)
 j - a +6 ring of strength (left hand)
Scrolls
 e - a scroll of identify
Potions
 b - a potion of brilliance {unknown}
 c - a potion of resistance {unknown}
 f - a potion of berserk rage {unknown}
 h - a potion of heal wounds {unknown}

Dungeon Overview and Level Annotations

Branches:
Dungeon (4/15)
 Temple: D:4-7

Altars:
Cheibriados
Makhleb
Sif Muna
Trog


Message History

You kill the gnoll!
You slash the gnoll!
You kill the gnoll!
You block the gnoll's attack.
Your Armour skill increases to level 2!
Your surroundings suddenly seem different.
You start resting.
A bullfrog comes into view.
4038 ||| Stepping ~*~*~tactically~*~*~ (stealth).
You start resting.
A bullfrog is nearby!
The bullfrog gives a loud, deep croak!
You hear a loud, deep croak!
A bullfrog comes into view.
A wight comes into view. It is wielding a +4 long sword.
The bullfrog releases a deep croak.
You slash the bullfrog!
The bullfrog is heavily wounded.
The bullfrog hits you.
A wight comes into view. It is wielding a +0 flail.
You hit the bullfrog.
You claw the bullfrog, but do no damage.
The bullfrog is heavily wounded.
You block the bullfrog's attack. The bullfrog misses you.
A wight comes into view. It is wielding a +0 flail.
You hit the bullfrog.
The bullfrog is severely wounded.
You block the bullfrog's attack. x2
The bullfrog hits you but does no damage.
You miss the bullfrog. You claw the bullfrog!
You kill the bullfrog!
You slash the wight! You closely miss the bullfrog.
A wight comes into view. It is wielding a +1 flail.
You block the wight's attack. The bullfrog hits you.
The wight hits you but does no damage. You block the bullfrog's attack.
You hit the wight.
The wight is heavily damaged.
You hit the bullfrog.
The bullfrog hits you but does no damage.
The wight hits you with a +4 long sword.
You die...

... . .F...
. ..... .###
...#.##..###
#..........#
#.........#
..z...F..#
#.z@# #.z.#
....z..##
....#.# ###
##


You could see a bullfrog and 4 wights.

Vanquished Creatures
  A bullfrog (D:7)
  A necrophage (D:3)
  A scorpion (D:4)
  3 gnolls (D:7)
  4 adders
  A worm (D:3)
  An endoplasm (D:1)
  A giant cockroach (D:3)
  6 goblins
  12 hobgoblins
  5 quokkas
  5 ball pythons
  4 bats
  8 frilled lizards
  9 kobolds
  3 rats
65 creatures vanquished.

Notes
Turn   | Place    | Note
-------+----------+-------------------------------------------
     0 | D:1      | qw the Tengu Warper began the quest for the Orb.
     0 | D:1      | Reached XP level 1. HP: 12/12 MP: 4/4
     0 | D:1      | 0 ||| qw: Version: 0.1-a-89-g26bdef1
     0 | D:1      | 0 ||| qw: Game counter: 3004
     0 | D:1      | 0 ||| qw: Always use a shield: true
     0 | D:1      | 0 ||| qw: God list: Okawaru
     0 | D:1      | 0 ||| qw: Allow faded altars: false
     0 | D:1      | 0 ||| qw: Do Orc after D:15 true
     0 | D:1      | 0 ||| qw: Do second Lair branch before Depths: true
     0 | D:1      | 0 ||| qw: Lair rune preference: random
     0 | D:1      | 0 ||| qw: Plans: Normal
     0 | D:1      | 0 ||| PLANNING D:1-11
    15 | D:1      | 15 ||| SWAPPING to +0 war axe.
    16 | D:1      | 16 ||| DROPPING +0 hand axe.
   112 | D:1      | Found a faded altar of an unknown god.
   144 | D:1      | 144 ||| Stepping ~*~*~tactically~*~*~ (stealth).
   145 | D:1      | 145 ||| Stepping ~*~*~tactically~*~*~ (stealth).
   178 | D:1      | Reached XP level 2. HP: 17/17 MP: 6/6
   182 | D:1      | Reached skill level 3 in Axes
   306 | D:1      | 306 ||| Stepping ~*~*~tactically~*~*~ (stealth).
   946 | D:1      | 946 ||| UPGRADING to amulet of reflection.
   951 | D:1      | 951 ||| UPGRADING to +6 ring of strength.
   952 | D:1      | 952 ||| READING 2 scrolls labelled HUENWY SIBRUATZ.
   953 | D:1      | 953 ||| READING 2 scrolls labelled QORRIPTA KAMASU.
   954 | D:1      | 954 ||| DROPPING scroll of blinking.
   955 | D:1      | 955 ||| DROPPING scroll of butterflies.
   996 | D:2      | Reached skill level 4 in Axes
   996 | D:2      | Reached XP level 3. HP: 21/21 MP: 7/7
  1455 | D:2      | 1455 ||| Stepping ~*~*~tactically~*~*~ (stealth).
  1461 | D:2      | HP: 5/21 [constriction (1)]
  1462 | D:2      | HP: 2/21 [adder (2)]
  1468 | D:2      | HP: 1/21 [bat (1)]
  1475 | D:2      | 1475 ||| FLEEEEING.
  1476 | D:2      | 1476 ||| FLEEEEING.
  1477 | D:2      | 1477 ||| FLEEEEING.
  1478 | D:2      | 1478 ||| FLEEEEING.
  1479 | D:2      | 1479 ||| FLEEEEING.
  1480 | D:2      | 1480 ||| FLEEEEING.
  1481 | D:2      | 1481 ||| FLEEEEING.
  1482 | D:2      | 1482 ||| FLEEEEING.
  1483 | D:2      | 1483 ||| FLEEEEING.
  1484 | D:2      | 1484 ||| FLEEEEING.
  1485 | D:2      | 1485 ||| FLEEEEING.
  1486 | D:2      | 1486 ||| FLEEEEING.
  1487 | D:2      | 1487 ||| FLEEEEING.
  1488 | D:2      | 1488 ||| FLEEEEING.
  1489 | D:2      | 1489 ||| FLEEEEING.
  1490 | D:2      | 1490 ||| FLEEEEING.
  1491 | D:2      | 1491 ||| FLEEEEING.
  1492 | D:2      | 1492 ||| FLEEEEING.
  1493 | D:2      | 1493 ||| FLEEEEING.
  1494 | D:2      | 1494 ||| FLEEEEING.
  1495 | D:2      | 1495 ||| FLEEEEING.
  1496 | D:2      | 1496 ||| FLEEEEING.
  1497 | D:2      | 1497 ||| STAIRDANCE
  1748 | D:1      | 1748 ||| UPGRADING to +1 cloak.
  1753 | D:1      | 1753 ||| UPGRADING to +0 buckler.
  1758 | D:1      | 1758 ||| UPGRADING to +0 chain mail.
  1768 | D:1      | 1768 ||| DROPPING +0 leather armour.
  1769 | D:1      | 1769 ||| READING scroll labelled TASEDW RIOGO.
  1770 | D:1      | 1770 ||| READING scroll labelled UDOMUU DIQI.
  1889 | D:2      | Reached XP level 4. HP: 26/26 MP: 8/8
  2053 | D:2      | 2053 ||| DRINKING 2 purple potions.
  2054 | D:2      | 2054 ||| DROPPING potion of attraction.
  2077 | D:3      | 2077 ||| Stepping ~*~*~tactically~*~*~ (stealth).
  2078 | D:3      | 2078 ||| Stepping ~*~*~tactically~*~*~ (stealth).
  2083 | D:3      | Reached skill level 1 in Shields
  2093 | D:3      | 2093 ||| FLEEEEING.
  2094 | D:3      | 2094 ||| STAIRDANCE
  2136 | D:3      | 2136 ||| STAIRDANCE
  2222 | D:3      | Found a burning altar of Makhleb.
  2224 | D:3      | Found a snail-covered altar of Cheibriados.
  2478 | D:3      | Noticed a necrophage
  2491 | D:3      | HP: 4/25 [necrophage (5)]
  2492 | D:3      | Killed a necrophage
  2493 | D:3      | Reached skill level 5 in Axes
  2493 | D:3      | Gained mutation: Your magical nature lets you fly swiftly
                  | and evasively. [Tengu growth]
  2493 | D:3      | Reached XP level 5. HP: 4/30 MP: 9/9
  2829 | D:3      | 2829 ||| DROPPING +0 whip.
  3067 | D:3      | Found a shimmering blue altar of Sif Muna.
  3519 | D:3      | 3519 ||| DROPPING amulet of regeneration.
  3520 | D:3      | 3520 ||| UPGRADING to ring of see invisible.
  3521 | D:3      | 3521 ||| READING scroll labelled VEOKOUMUDGH.
  3522 | D:3      | 3522 ||| READING 3 scrolls of identify.
  3522 | D:3      | 3522 ||| IDENTIFYING clear potion
  3523 | D:3      | 3523 ||| READING 2 scrolls of identify.
  3523 | D:3      | 3523 ||| IDENTIFYING bubbling red potion
  3524 | D:3      | 3524 ||| DROPPING potion of lignification.
  3525 | D:3      | 3525 ||| DROPPING potion of flight.
  3601 | D:4      | 3601 ||| Stepping ~*~*~tactically~*~*~ (stealth).
  3602 | D:4      | 3602 ||| Stepping ~*~*~tactically~*~*~ (stealth).
  3657 | D:4      | Found a bloodstained altar of Trog.
  3787 | D:4      | Reached skill level 6 in Axes
  4008 | D:4      | You are sucked into a shaft and drop 3 floors!
  4011 | D:7      | 4011 ||| Stepping ~*~*~tactically~*~*~ (stealth).
  4013 | D:7      | 4013 ||| Stepping ~*~*~tactically~*~*~ (hiding).
  4015 | D:7      | 4015 ||| Stepping ~*~*~tactically~*~*~ (hiding).
  4022 | D:7      | Reached XP level 6. HP: 13/35 MP: 10/10
  4023 | D:7      | HP: 8/35 [gnoll/+0 flail (1)]
  4024 | D:7      | 4024 ||| READING scroll of teleportation.
  4038 | D:7      | 4038 ||| Stepping ~*~*~tactically~*~*~ (stealth).
  4045 | D:7      | HP: 3/35 [bullfrog (6)]
  4046 | D:7      | Slain by a wight

Levels and vault maps discovered:
D:1:      dpeg_arrival_rhombi, layout_basic, shapermc_ecumenical_altar_venn,
          chequers_avenue
D:2:      layout_basic, dreamdust_princess_corridor, wad_floor_pattern_2,
          minmay_vboxes
D:3:      layout_loops_ring, general_overflow_altar, jmf_multi_god_temple,
          serial_aquarium, aquarium_bridge_square [aquarium_subvault_wall,
          aquarium_subvault_wall, aquarium_subvault_wall,
          aquarium_subvault_bridge], aquarium_window_fake, aquarium_window_3,
          aquarium_window_fake, aquarium_window_1, aquarium_view_2d,
          aquarium_view_2c, aquarium_pool_side
D:4:      layout_basic, mainiacjoe_overflow_six_doors_small
D:7:      layout_cave_pools, mainiacjoe_overflow_catwalk,
          mainiacjoe_overflow_cross_hatched

Skill      XL: |  1  2  3  4  5  6 |
---------------+-------------------+-----
Axes           | 4 5 6 |  6.8
Shields        | 1 |  1.0
Armour         | 2 |  2.0
Fighting       | |  2.0
Throwing       | |  1.0
Dodging        | |  2.1
Spellcasting   | |  2.0
Translocations | |  2.4

Action                   |  1- 3 |  4- 6 || total
-------------------------+-------+-------++-------
Melee: War axe           |    65 |    79 ||   144
       Kick              |     7 |    16 ||    23
       Peck              |     9 |    10 ||    19
       Punch             |     1 |       ||     1
Throw: Boomerang         |     7 |       ||     7
  Use: Scroll            |     4 |     4 ||     8
       Potion            |       |     1 ||     1
Armor: Leather armour    |    12 |       ||    12
       Chain mail        |     3 |    28 ||    31
Dodge: Dodged            |    31 |    20 ||    51
Block: Other             |    11 |       ||    11
       Buckler           |     1 |    32 ||    33

Table legend:
 A = Non-vault XP
 B = Vault XP
 C = Vault XP percentage of total XP
 D = Non-vault monster count
 E = Vault monster count
 F = Vault count percentage of total count
                 A         B        C        D         E       F
            +---------+---------+-------+---------+---------+-------
      Total |     424 |      29 |   6.4 |      54 |      11 |  16.9
            +---------+---------+-------+---------+---------+-------
        D:1 |      33 |       0 |   0.0 |      21 |       0 |   0.0
        D:2 |      39 |      26 |  40.0 |      11 |       9 |  45.0
        D:3 |     117 |       3 |   2.5 |      15 |       2 |  11.8
        D:4 |      96 |       0 |   0.0 |       3 |       0 |   0.0
        D:7 |     139 |       0 |   0.0 |       4 |       0 |   0.0
            +---------+---------+-------+---------+---------+-------
